Map: Ulrena

Players

capac - Winner!

  • Race: Terran Terran
  • League: Gold

A.I. 1 (Elite)

  • Race: Protoss Protoss

VOD

Have the link to the VOD?

Description

Time

  • Played on: March 8, 2016, 1:19 p.m.
  • Length: 11:47
Show
View Real Time Build Order
Export as new Build Order

capac Terran - Winner!

Build Orders: Bio Tank 

Get SALT Encoding   

  12  0:01  SCV  
  13  0:13  SCV  
  14  0:18  Supply Depot  
  14  0:25  SCV  
  15  0:39  SCV  
  15  0:41  Barracks  
  16  0:47  Refinery  
  16  0:51  SCV  
  17  1:04  SCV  
  18  1:16  SCV  
  19  1:28  SCV  
  19  1:30  Barracks Reactor  
  20  1:37  Command Center  
  20  1:41  SCV  
  21  1:53  Orbital Command  
  21  1:59  Supply Depot  
  21  2:07  Marine x2  
  23  2:14  Barracks  
  23  2:20  SCV  
  24  2:26  Marine x2  
  26  2:33  SCV  
  27  2:38  Factory  
  27  2:44  Refinery  
  27  2:45  Marine x2  
  29  3:05  Orbital Command  
  29  3:06  SCV  
  29  3:08  Marine x2  
  29  3:11  Barracks Tech Lab  
  32  3:16  Barracks  
  32  3:19  SCV  
  33  3:22  Factory Tech Lab  
  33  3:31  SCV  
  33  3:32  SCV  
  33  3:33  Marine  
  33  3:34  Marine  
  37  3:43  Starport  
  37  3:46  Stimpack  
  37  3:47  SCV x2  
  39  3:54  Siege Tank  
  42  3:58  Supply Depot  
  42  4:02  SCV x2  
  44  4:03  Marine  
  44  4:07  Barracks Reactor  
  45  4:14  SCV  
  46  4:20  SCV  
  46  4:21  Starport Reactor  
  46  4:23  Supply Depot  
  47  4:26  SCV  
  47  4:29  Refinery  
  48  4:32  SCV  
  48  4:35  Siege Tank  
  52  4:40  Marine  
  52  4:41  Marine  
  52  4:45  Marine, SCV x2  
  57  4:46  Supply Depot  
  57  4:50  Marine x2  
  59  5:02  Medivac  
  61  5:10  Supply Depot, Marine x4  
  61  5:11  Marine  
  66  5:14  Siege Tank  
  69  5:23  SCV  
  69  5:27  Refinery  
  70  5:32  SCV  
  70  5:33  Supply Depot  
  71  5:36  Supply Depot  
  71  5:37  Medivac x2  
  71  5:38  Marine x2  
  71  5:39  Marine  
  78  5:49  Marine x2  
  80  5:55  SCV x2  
  82  6:03  Supply Depot  
  82  6:04  Supply Depot  
  82  6:05  Marine x3  
  82  6:08  Siege Tank  
  88  6:13  Medivac x2  
  88  6:15  Marine  
  88  6:16  Marine  
  94  6:19  Combat Shields  
  94  6:24  SCV x2  
  96  6:32  Marine x3  
  97  6:39  Marine x2  
  101  6:42  Siege Tank  
  101  6:45  Medivac  
  106  6:50  Medivac  
  106  6:53  Supply Depot  
  108  7:08  Marine x4  
  108  7:09  Marine  
  108  7:14  Siege Tank  
  116  7:16  Supply Depot  
  116  7:33  Marine  
  116  7:34  Marine x3, Liberator x2  
  120  7:44  Barracks  
  120  7:50  Barracks  
  126  7:51  Barracks  
  126  8:05  Marine x5  
  130  8:11  Siege Tank  
  134  8:36  Command Center  
  134  8:43  Marine, SCV  
  134  8:44  SCV  
  121  9:21  Marine x5  
  121  9:22  Marine x3  
  121  9:23  Siege Tank  
  128  9:39  Marine x2  
  124  9:55  Siege Tank  
  124  9:58  Marine  
  124  9:59  Marine x5  
  131  10:14  Marine x2  
  131  10:16  Marine x2  
  135  10:25  Barracks Reactor x2  
  135  10:27  Siege Tank  
  137  10:46  Marine x2  
  137  10:47  Marine x4  
  143  11:05  Marine  
  143  11:06  Marine x5  
  149  11:23  Marine  
Show
View Real Time Build Order
Export as new Build Order

A.I. 1 (Elite) Protoss 

Build Orders: 1 Gate Expand, Zealot Archon 

Get SALT Encoding   

  12  0:01  Probe (Chrono Boost)  
  13  0:11  Probe (Chrono Boost)  
  14  0:20  Pylon  
  14  0:22  Probe (Chrono Boost)  
  15  0:38  Probe (Chrono Boost)  
  16  0:49  Probe (Chrono Boost)  
  17  0:51  Gateway  
  17  0:59  Probe (Chrono Boost)  
  18  1:10  Probe (Chrono Boost), Assimilator  
  19  1:13  Pylon  
  19  1:20  Probe (Chrono Boost)  
  20  1:29  Nexus  
  20  1:42  Cybernetics Core  
  20  1:44  Probe (Chrono Boost)  
  21  1:49  Zealot  
  23  2:05  Gateway  
  23  2:06  Probe (Chrono Boost)  
  24  2:14  Pylon  
  24  2:17  Probe (Chrono Boost)  
  24  2:21  Zealot  
  27  2:23  Warp Gate  
  27  2:29  Probe (Chrono Boost)  
  28  2:39  Assimilator  
  28  2:40  Probe (Chrono Boost)  
  28  2:42  Probe (Chrono Boost)  
  30  2:46  Adept  
  32  2:53  Adept  
  35  2:58  Probe (Chrono Boost)  
  35  3:04  Pylon  
  36  3:06  Probe (Chrono Boost)  
  36  3:12  Adept  
  36  3:18  Stalker  
  38  3:22  Probe (Chrono Boost)  
  38  3:23  Probe (Chrono Boost)  
  42  3:33  Probe (Chrono Boost)  
  44  3:35  Probe (Chrono Boost)  
  44  3:39  Robotics Facility  
  44  3:44  Probe (Chrono Boost)  
  44  3:46  Probe (Chrono Boost), Adept  
  48  3:54  Adept  
  51  3:56  Probe (Chrono Boost)  
  51  3:57  Probe (Chrono Boost)  
  52  4:06  Pylon  
  52  4:07  Probe (Chrono Boost)  
  52  4:08  Probe (Chrono Boost)  
  54  4:18  Probe (Chrono Boost)  
  54  4:19  Probe (Chrono Boost)  
  56  4:25  Stalker  
  56  4:26  Immortal  
  56  4:29  Probe (Chrono Boost)  
  56  4:30  Pylon  
  56  4:31  Probe (Chrono Boost)  
  64  4:33  Stalker  
  66  4:40  Probe (Chrono Boost)  
  66  4:42  Probe (Chrono Boost)  
  66  4:45  Robotics Facility  
  68  4:47  Stalker  
  70  4:59  Probe x2 (Chrono Boost)  
  72  5:02  Immortal  
  72  5:05  Pylon  
  76  5:07  Pylon  
  76  5:13  Stalker  
  78  5:23  Stalker  
  78  5:24  Probe (Chrono Boost)  
  78  5:25  Assimilator  
  78  5:27  Twilight Council  
  81  5:30  Probe (Chrono Boost)  
  82  5:39  Pylon  
  82  5:41  Sentry  
  82  5:42  Assimilator  
  84  5:47  Gateway  
  84  5:48  Probe (Chrono Boost)  
  86  5:50  Probe (Chrono Boost)  
  86  5:59  Probe (Chrono Boost)  
  86  6:01  Zealot  
  86  6:03  Pylon  
  89  6:05  Probe (Chrono Boost)  
  89  6:10  Probe (Chrono Boost)  
  91  6:12  Templar Archives  
  91  6:20  Forge  
  91  6:22  Forge  
  91  6:23  Nexus  
  91  6:41  Stalker  
  91  6:44  Gateway  
  91  6:46  Stalker  
  95  6:49  High Templar  
  95  6:51  Pylon  
  97  6:56  Protoss Ground Weapons Level 1  
  97  6:57  Protoss Ground Armor Level 1  
  97  7:02  Sentry  
  97  7:04  Pylon  
  99  7:11  Zealot  
  101  7:16  Warp Prism  
  101  7:20  Photon Cannon, High Templar, Observer  
  106  7:28  Photon Cannon  
  106  7:30  Pylon  
  106  7:35  Archon, High Templar  
  106  7:36  Probe (Chrono Boost), Gateway  
  111  7:37  Probe x2 (Chrono Boost)  
  111  7:44  Assimilator  
  111  7:48  Probe x2 (Chrono Boost), Pylon  
  111  7:49  Probe (Chrono Boost)  
  111  7:50  High Templar, Assimilator  
  116  7:51  Photon Cannon  
  116  7:54  Archon  
  117  7:59  Probe (Chrono Boost)  
  117  8:00  Probe x2 (Chrono Boost), Photon Cannon  
  117  8:01  Photon Cannon  
  117  8:03  High Templar  
  121  8:10  Photon Cannon  
  121  8:11  Probe (Chrono Boost)  
  121  8:12  Probe (Chrono Boost)  
  124  8:13  Probe (Chrono Boost)  
  124  8:14  Pylon  
  124  8:16  High Templar  
  126  8:22  Probe (Chrono Boost)  
  126  8:23  Probe (Chrono Boost), Psionic Storm, Nexus  
  126  8:25  Probe (Chrono Boost)  
  129  8:31  Archon  
  131  8:34  Probe (Chrono Boost)  
  131  8:35  Probe (Chrono Boost)  
  131  8:38  Zealot x2  
  131  8:39  Photon Cannon, Zealot x2  
  139  8:44  Pylon  
  139  8:46  High Templar  
  89  8:57  High Templar  
  89  8:58  Stalker, Zealot, Adept  
  85  9:03  Probe (Chrono Boost)  
  85  9:07  Archon  
  81  9:16  Probe (Chrono Boost), Zealot  
  81  9:17  High Templar, Adept  
  86  9:20  Stalker  
  88  9:28  Sentry  
  49  9:47  High Templar  
  47  9:57  Zealot  
  45  10:03  Zealot  
  45  10:05  High Templar  
  40  10:09  Zealot  
  35  10:16  Zealot  
  35  10:20  Zealot  
  17  10:54  Zealot  
Tags
 
Add a new tag
Caveats
  • Supply blocks, unpowered buildings, or Contaminate may cause inaccurate times.
  • Supply counts are checked every 10 seconds.